 Dungeon Crawl Stone Soup version 0.26-a0-611-g354ed81502 (webtiles) character file.

Game seed: 11142820311263674129

13808 MrRokkomies the Slicer (level 12, -5/83 HPs)
             Began as an Octopode Brigand on Sept 7, 2020.
             Was the Champion of Okawaru.
             Killed from afar by a hell hog (39 damage)
             ... with a fireball
             ... in a volcano.
             The game lasted 00:31:13 (10206 turns).

MrRokkomies the Slicer (Octopode Brigand)          Turns: 10206, Time: 00:31:14

Health: -5/83      AC:  1    Str: 17    XL:     12   Next: 9%
Magic:  12/12      EV: 22    Int: 23    God:    Okawaru [******]
Gold:   80         SH:  0    Dex: 18    Spells: 7/11 levels left

rFire    . . .     SeeInvis .   a - +6 short sword of Qicyabra {flame, rC- rN+ Dex+4}
rCold    x . .     Faith    .   (no shield)
rNeg     + . .     Spirit   .   (helmet restricted)
rPois    +         Reflect  .   m - amulet of regeneration
rElec    .         Harm     .   e - ring of poison resistance
rCorr    .                      p - +6 ring of strength
MR       .....                  t - +6 ring of intelligence
Stlth    ++++......             z - ring of flight
HPRegen  0.63/turn              x - ring of wizardry
MPRegen  0.13/turn              G - +4 ring of slaying
                                (no ring)
                                (no ring)

@: stab, very slightly contaminated, invisible
A: almost no armour, stealthy swim, amphibious, 8 rings, constrict 8, camouflage
1, gelatinous body 1
a: Heroism, Finesse, Renounce Religion, Evoke Flight


You were in a volcano.
You worshipped Okawaru.
Okawaru was exalted by your worship.
You visited 4 branches of the dungeon, and saw 14 of its levels.
You also visited: Volcano.

You collected 680 gold pieces.
You spent 600 gold pieces at shops.

Inventory:

Hand Weapons
 a - the +6 short sword of Qicyabra (weapon) {flame, rC- rN+ Dex+4}
   (You took it off an orc on level 7 of the Dungeon)

   It has been specially enchanted to burn those struck by it, causing extra
   injury to most foes and up to half again as much damage against particularly
   susceptible opponents.
   It affects your dexterity (+4).
   It makes you vulnerable to cold.
   It protects you from negative energy.
 b - a +2 short sword of venom
 d - a +0 quick blade of flaming
 w - a +2 rapier of electrocution
 E - a +5 quick blade
 P - a +6 double sword
Missiles
 c - 11 curare-tipped darts
 f - 546 stones
 s - 7 poisoned darts
 A - 12 boomerangs (quivered)
 D - 5 javelins
 I - 6 silver javelins
 M - a throwing net
 R - 2 atropa-tipped darts
Magical Staves
 H - an uncursed staff of air
Jewellery
 e - a ring of poison resistance (left tentacle)
 m - an amulet of regeneration (around mantle)
 p - a +6 ring of strength (right tentacle)
 t - a +6 ring of intelligence (on tentacle)
 x - a ring of wizardry (on tentacle)
 z - a ring of flight (on tentacle)
 G - a +4 ring of slaying (on tentacle)
Wands
 F - a wand of polymorph (12)
Scrolls
 n - 5 scrolls of enchant weapon
 o - 2 scrolls of immolation
 r - 3 scrolls of blinking
 v - 3 scrolls of amnesia
 K - 2 scrolls of remove curse
 L - a scroll of fear
 O - a scroll of teleportation
Potions
 g - a potion of magic
 i - a potion of heal wounds
 j - 5 potions of stabbing
 k - 8 potions of curing
 l - a potion of flight
 q - a potion of cancellation
 u - 2 potions of brilliance
 B - a potion of resistance {unknown}
 C - 2 potions of might
 J - a potion of ambrosia {unknown}
Miscellaneous
 y - a condenser vane (1/2)
 N - a box of beasts (2/3)


   Skills:
 + Level 8.2 Fighting
 * Level 11.2 Short Blades
 + Level 8.0 Throwing
 * Level 11.1 Dodging
 - Level 5.3 Stealth


You had 7 spell levels left.
You knew the following spells:

 Your Spells              Type           Power        Failure   Level
a - Corona                Hex            #......      6%          1
b - Apportation           Tloc           #.....       6%          1
c - Blink                 Tloc           N/A          10%         2

Your spell library contained the following spells:

 Spells                   Type           Power        Failure   Level
 Animate Skeleton         Necr           #.....       6%          1
 Magic Dart               Conj           #...         6%          1
 Summon Small Mammal      Summ           #...         6%          1
 Call Imp                 Summ           #.......     10%         2
 Slow                     Hex            #.......     10%         2
 Conjure Flame            Conj/Fire      #.......     19%         3
 Mephitic Cloud           Conj/Pois/Air  #.......     19%         3


Dungeon Overview and Level Annotations

Branches:
Dungeon (11/15)            Temple (1/1) D:4            Lair (1/6) D:8
    Orc (1/2) D:9         Volcano (1/1)

Altars:
Ashenzari
Cheibriados
Dithmenos
Elyvilon
Fedhas
Gozag
Hepliaklqana
Makhleb
Nemelex Xobeh
Okawaru
Qazlal
Ru
Sif Muna
Trog
Uskayaw
Vehumet
Wu Jian
Yredelemnul
Zin
The Shining One

Shops:
D:11 :*}


Innate Abilities, Weirdness & Mutations

You cannot wear most types of armour.
You are very stealthy in the water. (Stealth+)
You are amphibious.
You can wear up to eight rings at the same time.
You can use your tentacles to constrict eight enemies at once.
Your skin changes colour to match your surroundings (Stealth+).
Your rubbery body absorbs attacks. (AC +1, EV +1)


Message History

Okawaru accepts your kill.
The hell hog squeals angrily.
The fire bat misses you. The hell hog completely misses you.
The steam dragon hisses angrily.
Unknown command.
You catch the helpless hell hog completely off-guard!
You impale the hell hog!! You burn the hell hog. Your grab misses the hell hog.
The hell hog is heavily wounded.
The fire bat closely misses you.
The steam dragon hisses angrily.
You hit the steam dragon. You burn the steam dragon.
The steam dragon is almost dead.
The fire bat misses you.
The hell hog breathes fire at the steam dragon.
The fireball explodes!
The fireball engulfs the steam dragon!!
The steam dragon dies!
The fireball engulfs the hell hog!
The hell hog resists.
The fireball engulfs the fire bat.
The fire bat completely resists.
The fireball engulfs you!!!
You die...

##≈§§≈## ##≈≈§≈≈≈##
#≈≈§..≈§≈# ##.......#
#..\....# #...\..##
######### ######.####
##.......######.....#.
#.).!@.....##.........
#.))h†\.##.#.......§§§§
#≈≈§§b≈######.....≈§§≈≈
#≈≈§§§## #....≈≈§≈§§§
##≈≈≈# ##....§≈§≈≈§
#≈≈# #....§≈≈≈§§≈ ##≈
#....§§§≈§§≈ #
##.#.§§.§§≈≈ ###
##.........


You could see a hell hog (wandering, catching breath) and a fire bat.

Vanquished Creatures
  Snorg (D:11)
  A hydra (D:11)
  2 two-headed ogres (D:10)
  A fire crab (Volcano)
  An unseen horror (D:11)
  A cyclops (D:11)
  Psyche (D:11)
  A cane toad (Lair:1)
  A centaur skeleton (D:10)
  A komodo dragon (Lair:1)
  3 trolls
  2 hippogriffs (D:11)
  Sigmund (D:6)
  6 yaks (D:9)
  A steam dragon (Volcano)
  4 fire bats (Volcano)
  Edmund (D:6)
  An acid dragon (D:11)
  2 ice beasts (D:9)
  4 orc warriors
  An eye of draining (D:9)
  A sky beast (D:8)
  6 ogres
  A phantom (D:10)
  A black bear (D:8)
  A necrophage (D:11)
  4 centaurs
  3 bullfrogs
  3 scorpions
  17 killer bees
  16 wights
  4 howler monkeys (D:9)
  2 bullfrog zombies (D:8)
  3 jellies
  8 orc priests
  9 iguanas
  Crazy Yiuf (D:3)
  A bullfrog skeleton (D:10)
  13 orc wizards
  2 worker ants
  A killer bee zombie (D:9)
  A hound zombie (D:7)
  11 adders
  3 gnolls (D:4)
  A shadow imp (D:7)
  2 white imps (D:8)
  An ufetubus (D:6)
  An ooze (D:2)
  An adder zombie (D:9)
  4 adder skeletons
  4 worms (D:3)
  2 dart slugs
  4 leopard geckos
  44 orcs
  10 giant cockroaches
  7 goblins
  5 hobgoblins
  2 jackals (D:10)
  6 kobolds
  5 quokkas
  2 ball pythons
  12 bats
  6 frilled lizards
  A quokka skeleton (D:8)
  2 quokka zombies
  6 rats
277 creatures vanquished.

Vanquished Creatures (collateral kills)
  Urug (D:10)
  A hound (D:10)
2 creatures vanquished.

Vanquished Creatures (others)
  A steam dragon (Volcano)
1 creature vanquished.

Grand Total: 280 creatures vanquished

Notes
Turn   | Place    | Note
-------+----------+-------------------------------------------
     0 | D:1      | MrRokkomies the Octopode Brigand began the quest for the
                  | Orb.
     0 | D:1      | Reached XP level 1. HP: 14/14 MP: 1/1
    83 | D:1      | Reached XP level 2. HP: 19/19 MP: 2/2
   336 | D:1      | Reached XP level 3. HP: 24/24 MP: 3/3
   981 | D:2      | Reached XP level 4. HP: 29/30 MP: 4/4
  1543 | D:3      | Reached XP level 5. HP: 35/35 MP: 5/5
  1565 | D:3      | Found a blossoming altar of Fedhas.
  2340 | D:3      | Found a runed translucent door.
  2341 | D:3      | Noticed Crazy Yiuf
  2353 | D:3      | Killed Crazy Yiuf
  2822 | D:4      | Found a staircase to the Ecumenical Temple.
  2827 | Temple   | Entered the Ecumenical Temple
  2997 | Temple   | Became a worshipper of Warmaster Okawaru
  3070 | D:4      | Reached XP level 6. HP: 42/42 MP: 6/6
  3075 | D:4      | Found a sacrificial altar of Ru.
  3698 | D:4      | Reached XP level 7. HP: 41/46 MP: 7/7
  4101 | D:5      | Entered Level 5 of the Dungeon
  4585 | D:5      | Reached * piety under Okawaru
  4585 | D:5      | Reached skill level 5 in Short Blades
  4592 | D:5      | Found a radiant altar of Vehumet.
  4719 | D:5      | Found a shimmering blue altar of Sif Muna.
  4873 | D:5      | Reached skill level 5 in Dodging
  4904 | D:5      | Reached XP level 8. HP: 37/54 MP: 8/8
  5038 | D:6      | Reached ** piety under Okawaru
  5055 | D:6      | Found a burning altar of Makhleb.
  5523 | D:7      | Identified the +6 short sword of Qicyabra {flame, rC- rN+
                  | Dex+4}
  5658 | D:7      | Reached XP level 9. HP: 28/60 MP: 9/9
  5668 | D:7      | Reached skill level 5 in Fighting
  5668 | D:7      | Reached skill level 5 in Throwing
  5804 | D:7      | Reached *** piety under Okawaru
  6340 | D:6      | Noticed Sigmund
  6346 | D:6      | Killed Sigmund
  6376 | D:6      | Noticed Edmund
  6378 | D:6      | Killed Edmund
  6632 | D:8      | Found a staircase to the Lair.
  6703 | D:8      | Noticed a troll
  6708 | D:8      | Killed a troll
  6810 | D:8      | Reached **** piety under Okawaru
  7059 | D:8      | Reached XP level 10. HP: 51/68 MP: 10/10
  7271 | D:8      | Learned a level 1 spell: Corona
  7273 | D:8      | Learned a level 1 spell: Apportation
  7303 | Lair:1   | Entered Level 1 of the Lair of Beasts
  7304 | Lair:1   | Noticed a cane toad
  7312 | Lair:1   | Killed a cane toad
  7343 | Lair:1   | Found an opulent altar of Gozag.
  7366 | Lair:1   | Received a gift from Okawaru
  7376 | Lair:1   | Noticed a seven-headed hydra
  7573 | D:9      | Reached ***** piety under Okawaru
  7686 | D:9      | Received a gift from Okawaru
  7887 | D:9      | Found a staircase to the Orcish Mines.
  7997 | D:9      | Received a gift from Okawaru
  8466 | D:10     | Entered Level 10 of the Dungeon
  8537 | D:10     | Noticed Urug
  8549 | D:10     | Killed Urug
  8549 | D:10     | Reached XP level 11. HP: 27/75 MP: 11/11
  8857 | D:10     | Noticed a two-headed ogre
  8866 | D:10     | Killed a two-headed ogre
  8866 | D:10     | Reached skill level 10 in Short Blades
  8895 | D:10     | Noticed a two-headed ogre
  8905 | D:10     | Killed a two-headed ogre
  8905 | D:10     | Reached skill level 10 in Dodging
  8994 | D:11     | Noticed a five-headed hydra
  8999 | D:11     | Killed a five-headed hydra
  9173 | D:11     | Noticed an unseen horror
  9176 | D:11     | Killed an unseen horror
  9240 | D:11     | Noticed Psyche
  9245 | D:11     | Killed Psyche
  9307 | D:11     | Noticed Snorg
  9367 | D:11     | Found Oryinix's Gadget Emporium.
  9367 | D:11     | Found Awoth's Assorted Antiques.
  9389 | D:11     | Bought a condenser vane (2/2) for 320 gold pieces
  9429 | D:11     | Killed Snorg
  9429 | D:11     | Reached ****** piety under Okawaru
  9429 | D:11     | Received a gift from Okawaru
  9577 | D:11     | Noticed a cyclops
  9588 | D:11     | Killed a cyclops
  9793 | D:11     | Found Heakkop's Book Shoppe.
  9816 | D:11     | Bought a book of Minor Magic for 280 gold pieces
  9819 | D:11     | Learned a level 2 spell: Blink
  9974 | Orc:1    | Entered Level 1 of the Orcish Mines
 10025 | Orc:1    | Found a dark tunnel.
 10030 | Volcano  | Entered a volcano
 10045 | Volcano  | Noticed a hell hog
 10054 | Volcano  | Noticed a fire crab
 10062 | Volcano  | Killed a fire crab
 10062 | Volcano  | Reached XP level 12. HP: 82/82 MP: 12/12
 10206 | Volcano  | Killed from afar by a hell hog

Illustrated notes

Levels and vault maps discovered:
D:1:      kennysheep_arrival_forest, layout_basic, st_stairs_7, chequers_avenue,
          chequers_serial_rivers_micro_e, minmay_statues_item
D:2:      layout_basic
D:3:      layout_loops_ring, fedhas_altar_2, gup_sewer_entry_spiral,
          uniq_crazy_yiuf_cottage
D:4:      layout_loops_cross, old_standard_altar, temple_statues
D:5:      layout_basic, lemuel_blue_sif_altar, fiery_altar_vehumet
D:6:      layout_basic, basic_altar, minmay_misc_feat_four_crosses,
          sigmund_edmund_badplayer
D:7:      layout_loops_ring, nicolae_overflow_hidden_temple,
          chequers_serial_rivers_small_3, chequers_serial_rivers_micro_d
D:8:      layout_rooms, lair_entry_dummy
D:9:      layout_basic, orc_0_dummy, minmay_misc_feat_more_columns,
          minmay_microvault
D:10:     layout_cave_pools, serial_rivers, chequers_serial_rivers_micro_c,
          chequers_serial_rivers_room_b, chequers_serial_rivers_micro_c,
          chequers_serial_rivers_small_a, solitary_fountain, uniq_urug
D:11:     layout_irregular_city, serial_shops, shop, nicolae_shop_waterfront,
          nicolae_shop_behind_doors, uniq_psyche, uniq_snorg
Temple:   eino_temple_rhombus
Lair:1:   beast_lair_carwin_large_1, layout_cave_pods,
          ebering_ghost_reflecting_pool, basic_altar, wad_woods_river_04,
          minivault_23, st_stairs_10, minmay_lair_oklob_chamber,
          serial_bayou_shore_b, uniq_fannar
Orc:1:    orc_temple, layout_caves, enter_volcano_4
Volcano:  volcano_pools

Skill      XL: |  1  2  3  4  5  6  7  8  9 10 11 |
---------------+----------------------------------+-----
Dodging        | 2 3 4 5 6 8 9 11 | 11.1
Short Blades   | 3 4 5 6 8 9 11 | 11.2
Fighting       | 3 4 6 7 8 |  8.2
Throwing       | 3 4 5 6 8 |  8.0
Stealth        | |  5.3

Action                   |  1- 3 |  4- 6 |  7- 9 | 10-12 || total
-------------------------+-------+-------+-------+-------++-------
Melee: Dagger            |    54 |   122 |   129 |       ||   305
       Constrict         |    10 |    32 |    47 |    37 ||   126
       Tentacles         |     8 |    28 |    51 |    47 ||   134
       Short sword       |       |       |    87 |   186 ||   273
Throw: Dart              |     7 |    27 |    31 |    22 ||    87
       Stone             |     5 |     3 |       |       ||     8
       Boomerang         |       |       |    31 |    46 ||    77
       Throwing net      |       |       |     1 |       ||     1
       Javelin           |       |       |       |     9 ||     9
 Cast: Corona            |       |       |       |     3 ||     3
Evoke: Box of beasts     |       |       |       |     2 ||     2
       Condenser vane    |       |       |       |     1 ||     1
  Use: Scroll            |     2 |     2 |    10 |     9 ||    23
       Potion            |       |     2 |     1 |     4 ||     7
 Stab: Sleeping          |    12 |    12 |    20 |    17 ||    61
       Distracted        |       |     1 |       |       ||     1
       Invisible         |       |       |       |     2 ||     2
Armor: Skin              |     2 |     6 |     2 |     4 ||    14
Dodge: Dodged            |    35 |    67 |   150 |   138 ||   390

Table legend: (Time is in decaauts)
 A = Elapsed time spent in this place.
 B = Non-inter-level travel time spent in this place.
 C = Inter-level travel time spent in this place.
 D = Time resting spent in this place.
 E = Time spent auto-exploring this place.
 F = Levels seen in this place.
 G = Mean time per level.
                   A        B        C        D        E       F      G
               +--------+--------+--------+--------+--------+-----+--------+
         Total |  10000 |   9516 |    484 |    291 |   7336 |  15 |  666.7 |
       Dungeon |   9466 |   9033 |    433 |    262 |   7118 |  11 |  860.5 |
        Temple |    186 |    137 |     49 |      0 |    136 |   1 |  186.0 |
          Lair |    123 |    123 |      0 |      0 |     41 |   1 |  123.0 |
  Orcish Mines |     55 |     55 |      0 |      2 |      0 |   1 |   55.0 |
       Volcano |    168 |    168 |      0 |     27 |     41 |   1 |  168.0 |
               +--------+--------+--------+--------+--------+-----+--------+

Top non-repeatable levels by time:
     D:3: 1511 daAuts
     D:4: 1101 daAuts
     D:9: 934 daAuts
     D:7: 921 daAuts
    D:11: 909 daAuts
     D:5: 809 daAuts
     D:8: 797 daAuts
     D:1: 718 daAuts
     D:6: 693 daAuts
    D:10: 542 daAuts
     D:2: 527 daAuts
  Temple: 186 daAuts
 Volcano: 168 daAuts
  Lair:1: 123 daAuts
   Orc:1: 55 daAuts
